 Dungeon Crawl Stone Soup version 0.21-a0-509-gecc5317 (webtiles) character file.

1852 Gildeon the Cleaver (level 8, -2/64 HPs)
             Began as a Minotaur Fighter on Nov 29, 2017.
             Was a Believer of Nemelex Xobeh.
             Slain by a slime creature (14 damage)
             ... on level 6 of the Dungeon.
             The game lasted 00:34:04 (6636 turns).

Gildeon the Cleaver (Minotaur Fighter)              Turns: 6636, Time: 00:34:05

Health: -2/64      AC:  6    Str: 21    XL:     8   Next: 88%
Magic:  7/7        EV:  5    Int:  6    God:    Nemelex Xobeh [**....]
Gold:   321        SH: 10    Dex: 16    Spells: 7/7 levels left

rFire    . . .     SeeInvis .   a - +1 war axe (venom)
rCold    . . .     Gourm    .   c - +0 shield
rNeg     . . .     Faith    .   l - +0 chain mail
rPois    .         Spirit   .   (helmet restricted)
rElec    .         Reflect  .   r - +0 cloak
rCorr    .         Harm     .   (no gloves)
MR       .....                  (no boots)
Stlth    ..........             (no amulet)
HPRegen  0.20/turn              e - ring of flight
MPRegen  0.10/turn              h - +5 ring of dexterity

@: corroded
A: retaliatory headbutt, horns 2
a: Renounce Religion, Evoke Flight


You were on level 6 of the Dungeon.
You worshipped Nemelex Xobeh.
Nemelex Xobeh was pleased with you.
You were not hungry.

You visited 1 branch of the dungeon, and saw 6 of its levels.

You collected 321 gold pieces.

Inventory:

Hand Weapons
 a - a +1 war axe of venom (weapon)
 k - a +2 spear of piercing
Armour
 c - a +0 shield (worn)
 l - a +0 chain mail (worn)
 r - a +0 cloak (worn)
Jewellery
 e - a ring of flight (left hand)
 h - a +5 ring of dexterity (right hand)
Wands
 b - a wand of iceblast (8)
 n - a wand of acid (5)
Scrolls
 o - 2 scrolls of teleportation
 p - a scroll of fog
 q - a scroll of enchant weapon {unknown}
 s - a scroll of identify
Potions
 g - a potion of invisibility {unknown}
 j - a potion of curing {unknown}
 m - a potion of mutation {unknown}
 t - a potion of flight {unknown}
Comestibles
 d - 4 fruits
 f - 7 bread rations
 i - 5 royal jellies


   Skills:
 - Level 3.6 Fighting
 + Level 13.4 Axes
 - Level 3.6 Armour
 - Level 3.6 Shields
 - Level 0.3 Invocations


You had 7 spell levels left.
You didn't know any spells.

Dungeon Overview and Level Annotations

Branches:
Dungeon (6/15)             Temple (0/1) D:5

Altars:
Ashenzari
Cheibriados
Dithmenos
Fedhas
Makhleb
Nemelex Xobeh
Qazlal
Ru
Xom
Zin


Innate Abilities, Weirdness & Mutations

You reflexively headbutt those who attack you in melee.
You have a pair of horns on your head.


Message History

The acid corrodes you!
You are splashed with acid!
The acid burns!
* * * LOW HITPOINT WARNING * * *
The ooze hits the fungus.
The slime creature closely misses you.
The ooze hits the fungus.
The ooze jiggles.
The ooze hits the fungus.
Something hits the fungus. x2
Okay, then.
You slash the jelly!
You kill the jelly!
You hit the slime creature but do no damage.
You headbutt the slime creature.
The slime creature is moderately wounded.
The slime creature hits you!
* * * LOW HITPOINT WARNING * * *
Your chain mail prevents you from hitting the slime creature.
The slime creature is moderately wounded.
The slime creature hits you!
You die...
Your body glows slightly and disappears.

..[...................#
##.#.#......<##########
.......####### #######
.##..#############÷...÷.#
.##..####......##'.PP.P.#
.###.(##.......#.#÷JJ...#
## #(()........#J#JJ....#
# #..)........#J#.÷....# #
#..'......#'#@#PP.PPP#
####..##..)..#.#.#J.....#
......###....#.#.#P..PP.#
#.##..#########.##.÷...(#
###....########## #
##.#.......#### 8
#.#...###....######## .#
#.###...............# ._
..#
#.###....######c##########


You could see a slime creature and an ooze.

Vanquished Creatures
  The ghost of kibaces the Conjurer, an amateur DrCj (D:4)
  Menkaure (D:6)
  2 centaurs
  2 ogres
  3 big kobolds (D:6)
  Blork the orc (D:5)
  A scorpion (D:6)
  A howler monkey (D:4)
  A quasit (D:6)
  A hound (D:4)
  2 orc priests (D:3)
  Crazy Yiuf (D:5)
  A gnoll shaman (D:6)
  A centaur skeleton (D:5)
  An iguana (D:4)
  2 jellies
  4 worker ants
  An orc wizard (D:4)
  A hound skeleton (D:5)
  A worker ant zombie (D:6)
  4 adders (D:2)
  9 gnolls
  A shadow imp (D:5)
  An ooze (D:6)
  A worm (D:3)
  4 dart slugs
  3 leopard geckos
  11 orcs
  5 giant cockroaches
  6 goblins
  6 hobgoblins
  8 jackals
  13 kobolds
  2 quokkas
  3 ball pythons
  5 bats
  2 frilled lizards
  6 rats (D:1)
119 creatures vanquished.

Vanquished Creatures (collateral kills)
  A sky beast (D:6)
  An ice beast (D:5)
  An orc warrior (D:6)
  A bullfrog (D:6)
  A crimson imp (D:6)
  A centaur skeleton (D:6)
  2 gnoll shamans (D:5)
  An orc wizard (D:3)
  A hound skeleton (D:6)
  3 gnolls (D:5)
  2 adders
  An ooze (D:3)
  A worm (D:3)
  11 orcs
  A ball python (D:2)
  A giant cockroach (D:2)
  4 goblins
  A hobgoblin (D:3)
  A quokka (D:4)
  3 bats
  2 kobolds (D:2)
  6 rats
47 creatures vanquished.

Vanquished Creatures (others)
  7 toadstools (D:6)
7 creatures vanquished.

Grand Total: 173 creatures vanquished

Notes
Turn   | Place    | Note
-------+----------+-------------------------------------------
     0 | D:1      | Gildeon the Minotaur Fighter began the quest for the Orb.
     0 | D:1      | Reached XP level 1. HP: 19/19 MP: 0/0
    49 | D:1      | Reached skill level 3 in Axes
   186 | D:1      | Reached XP level 2. HP: 26/26 MP: 1/1
   427 | D:1      | Found a sparkling altar of Nemelex Xobeh.
   461 | D:1      | Became a worshipper of Nemelex Xobeh the Trickster
   574 | D:1      | Reached skill level 4 in Axes
   844 | D:2      | Found a snail-covered altar of Cheibriados.
   911 | D:2      | Reached XP level 3. HP: 31/31 MP: 2/2
   951 | D:2      | Received a gift from Nemelex Xobeh
  1262 | D:2      | Reached skill level 5 in Axes
  1362 | D:2      | Reached XP level 4. HP: 30/39 MP: 3/3
  1486 | D:2      | Reached * piety under Nemelex Xobeh
  1696 | D:2      | Found a burning altar of Makhleb.
  1723 | D:2      | Noticed an insubstantial wisp
  1723 | D:2      | Noticed an insubstantial wisp
  2237 | D:3      | Received a gift from Nemelex Xobeh
  2284 | D:3      | Reached skill level 6 in Axes
  2294 | D:3      | Reached XP level 5. HP: 42/45 MP: 4/4
  2522 | D:3      | Noticed a wyvern
  2690 | D:3      | Reached skill level 7 in Axes
  3173 | D:4      | Noticed an ogre
  3187 | D:4      | Killed an ogre
  3187 | D:4      | Reached XP level 6. HP: 17/51 MP: 5/5
  3206 | D:4      | Reached skill level 8 in Axes
  3307 | D:4      | Noticed kibaces's ghost (amateur DrCj)
  3331 | D:4      | Killed kibaces's ghost
  3646 | D:4      | Reached skill level 9 in Axes
  3682 | D:4      | Found a shadowy altar of Dithmenos.
  3767 | D:4      | Reached XP level 7. HP: 57/57 MP: 6/6
  3964 | D:4      | Found a sacrificial altar of Ru.
  3967 | D:4      | Found a glowing silver altar of Zin.
  3970 | D:4      | Found a shattered altar of Ashenzari.
  4231 | D:5      | Entered Level 5 of the Dungeon
  4242 | D:5      | Found a sacrificial altar of Ru.
  4350 | D:5      | Reached ** piety under Nemelex Xobeh
  4350 | D:5      | Received a gift from Nemelex Xobeh
  4352 | D:5      | Noticed a hellwing
  4588 | D:5      | Reached skill level 10 in Axes
  4777 | D:5      | Found a stormy altar of Qazlal.
  5024 | D:5      | Noticed Blork the orc
  5050 | D:5      | Killed Blork the orc
  5276 | D:5      | Found a runed door.
  5280 | D:5      | Noticed Crazy Yiuf
  5287 | D:5      | Killed Crazy Yiuf
  5450 | D:5      | Found a staircase to the Ecumenical Temple.
  5466 | D:5      | Noticed a wyvern
  5468 | D:5      | Reached skill level 11 in Axes
  5935 | D:6      | Reached XP level 8. HP: 64/64 MP: 7/7
  6008 | D:6      | Found a blossoming altar of Fedhas.
  6009 | D:6      | Found a shimmering altar of Xom.
  6128 | D:6      | Reached skill level 12 in Axes
  6142 | D:6      | Noticed Menkaure
  6149 | D:6      | Killed Menkaure
  6514 | D:6      | Reached skill level 13 in Axes
  6623 | D:6      | Noticed a slime creature
  6636 | D:6      | Slain by a slime creature

Vault maps used:
D:1:      dpeg_arrival_subterranean_lakeside_camping,
          nemelex_xobeh_ov_fountains_minmay
D:2:      lemuel_round_altar, kennysheep_slug_shrine, serial_glass,
          glass_columns_a, glass_columns_c, glass_columns_c, st_stairs_6
D:3:      first_bread, guppyfry_early_orc_mine
D:4:      nicolae_dithmenos_through_a_glass_darkly,
          grunt_temple_overflow_diamond
D:5:      lemuel_crystal_altar, minmay_temple_entry_statues_pillars,
          minmay_misc_feat_rugged, nicolae_ru_sacrificial_ziggurat,
          uniq_blork_the_orc, uniq_crazy_yiuf_cottage
D:6:      cheibrodos_fertilizer, nicolae_overflow_hidden_temple, uniq_menkaure

Skill      XL: |  1  2  3  4  5  6  7  8 |
---------------+-------------------------+-----
Axes           | 3 4 5 6 7 9 11 13 | 13.4
Fighting       | |  3.6
Armour         | |  3.6
Shields        | |  3.6
Invocations    | |  0.3

Action                   |  1- 3 |  4- 6 |  7- 9 || total
-------------------------+-------+-------+-------++-------
Melee: War axe           |    66 |   127 |   102 ||   295
       Headbutt          |     9 |    18 |    25 ||    52
Evoke: Deck              |     3 |     8 |    11 ||    22
       Wand              |       |       |    22 ||    22
  Use: Scroll            |     7 |     9 |     1 ||    17
       Potion            |       |     3 |     2 ||     5
  Eat: Chunk             |     1 |     7 |     1 ||     9
       Bread ration      |       |     1 |     1 ||     2
       Fruit             |       |       |     2 ||     2
Armor: Scale mail        |    18 |    28 |       ||    46
       Chain mail        |       |    31 |    53 ||    84
Dodge: Dodged            |    19 |    28 |    29 ||    76
Block: Shield            |    39 |    64 |    46 ||   149

Table legend:
 A = Spawn XP
 B = Non-spawn XP
 C = Spawn XP percentage of total XP
 D = Spawn monster count
 E = Non-spawn monster count
 F = Spawn count percentage of total count
 G = Total turns spent on level
                    A         B        C        D         E        F      G
               +---------+---------+-------+---------+---------+-------+---------
         Total |       0 |    2647 |   0.0 |       0 |     166 |   0.0 |  6636
               +---------+---------+-------+---------+---------+-------+---------
           D:1 |       0 |      36 |   0.0 |       0 |      26 |   0.0 |   844
           D:2 |       0 |     100 |   0.0 |       0 |      29 |   0.0 |  1275
           D:3 |       0 |     156 |   0.0 |       0 |      38 |   0.0 |  1007
           D:4 |       0 |     519 |   0.0 |       0 |      20 |   0.0 |  1105
           D:5 |       0 |     602 |   0.0 |       0 |      24 |   0.0 |  1627
           D:6 |       0 |    1234 |   0.0 |       0 |      29 |   0.0 |   778
               +---------+---------+-------+---------+---------+-------+---------
